 Dungeon Crawl Stone Soup version 0.28.0-53-g5a82cb258f (webtiles) character file.

Game seed: 5570683250265665273

16 Descartes the Magician (level 2, -2/16 HPs)
             Began as a Deep Elf Wanderer on July 21, 2022.
             Succumbed to an adder's poison
             ... on level 2 of the Dungeon.
             The game lasted 00:01:39 (743 turns).

Descartes the Magician (Deep Elf Wanderer)           Turns: 743, Time: 00:01:40

Health: -2/16      AC:  2    Str: 13    XL:     2   Next: 41%
Magic:  8/8        EV: 11    Int: 15    God:
Gold:   39         SH:  0    Dex: 11    Spells: 7/7 levels left

rFire   . . .      SeeInvis .   a - +2 hand crossbow
rCold   . . .      Faith    .   (no shield)
rNeg    . . .      Spirit   .   e - +0 robe
rPois   .          Reflect  .   (no helmet)
rElec   .          Harm     .   (no cloak)
rCorr   .          Rampage  .   (no gloves)
Will    .....                   (no boots)
Stlth   ++........              (no amulet)
HPRegen 0.05/turn               (no ring)
MPRegen 0.11/turn               (no ring)

@: lethally poisoned (-2 -> -11)
A: no striking features
a: no special abilities


You were on level 2 of the Dungeon.
You visited 1 branch of the dungeon, and saw 2 of its levels.

You collected 39 gold pieces.

Inventory:

Hand Weapons
 a - a +2 hand crossbow (weapon)
 d - a +0 dagger
Missiles
 b - 15 bolts (quivered ammo)
 c - 8 poisoned darts
 g - 34 stones
Armour
 e - a +0 robe (worn)
Scrolls
 f - a scroll of identify {unknown}
Potions
 h - a potion of heal wounds {unknown}
 i - a potion of magic {unknown}


   Skills:
 + Level 1.0 Fighting
 + Level 0.4 Bows
 + Level 2.0 Crossbows
 + Level 1.0 Throwing
 - Level 1.5 Armour
 + Level 0.8 Dodging
 + Level 1.3 Stealth
 + Level 3.1 Spellcasting
 * Level 0.9 Conjurations
 * Level 1.2 Air Magic
 + Level 0.2 Evocations


You had 7 spell levels left.
You didn't know any spells.
Your spell library contained the following spells:

 Spells                   Type           Power      Damage    Failure   Level
 Static Discharge         Conj/Air       5%         N/A       19%         2
 Corpse Rot               Necr/Air       8%         N/A       24%         2
 Olgreb's Toxic Radiance  Pois           2%         N/A       89%         4
 Ozocubu's Refrigeration  Ice            1%         4d5       100%        7
 Ignition                 Fire           1%         3d3       100%        8


Dungeon Overview and Level Annotations

Branches:
Dungeon (2/15)

Altars:


Message History

You climb downwards.
Found a scroll labelled DIUKHL NA VEA.
Found a stone staircase leading down.
There is a stone staircase leading up here.
You shoot a bolt. The bolt hits the bat!
You kill the bat!
No target in view!
An adder comes into view.
Found an escape hatch in the floor.
You shoot a bolt. The bolt hits the adder.
The adder is moderately wounded.
You shoot a bolt. The bolt closely misses the adder.
The adder bites you.
You are poisoned.
The adder poisons you!
You shoot a bolt. The bolt hits the adder.
The adder is almost dead.
You feel sick. The adder bites you. x2
You are lethally poisoned!
The adder poisons you!
You are too injured to fight recklessly!
You are too injured to fight recklessly!
Unknown command.
You are too injured to fight recklessly!
Really attack while wielding your +2 hand crossbow?
Okay, then.
You are too injured to fight recklessly!
Unknown command.
Fire: 17 bolts
Press: ? - help, Q - select action, (/) - cycle Shift-Dir - straight line, f/p - adder
Aim: an adder (almost dead, 46% to hit)
You shoot a bolt. The bolt closely misses the adder.
* * * LOW HITPOINT WARNING * * *
You feel very sick. The adder bites you.
* * * LOW HITPOINT WARNING * * *
The adder bites you but does no damage.
Fire: 16 bolts
Press: ? - help, Q - select action, (/) - cycle Shift-Dir - straight line, f/p - adder
Aim: an adder (almost dead, 46% to hit)
You shoot a bolt. The bolt misses the adder.
You die...

####### #...?..
###
#...(.>##.#######
.......@.........
#.....S##<#######
#...... #.#
#...... #.#
#..(.(. #..
###.#># ... #.#.
.... # ## ....
......


You could see an adder.

Vanquished Creatures
  A dart slug (D:1)
  2 endoplasms (D:1)
  A giant cockroach (D:1)
  A hobgoblin (D:1)
  A ball python (D:1)
  3 bats
  2 frilled lizards (D:1)
  A goblin (D:1)
  A kobold (D:1)
  2 rats (D:1)
15 creatures vanquished.

Notes
Turn   | Place    | Note
-------+----------+-------------------------------------------
     0 | D:1      | Descartes the Deep Elf Wanderer began the quest for the
                  | Orb.
     0 | D:1      | Descartes set off with the following items: a +2 hand
                  | crossbow, 25 bolts, 8 poisoned darts, a +0 dagger, a +0
                  | robe; and the following spells available to memorise:
                  | Corpse Rot, Static Discharge
     0 | D:1      | Reached XP level 1. HP: 12/12 MP: 6/6
   154 | D:1      | Reached XP level 2. HP: 16/16 MP: 8/8
   258 | D:1      | Found a faded altar of an unknown god.
   743 | D:2      | Succumbed to an adder's poison

Illustrated notes

Levels and vault maps discovered:
D:1:      eino_arrival_water_cross, layout_basic,
          shapermc_ecumenical_altar_flowoftime, grunt_decor_one_mirror
D:2:      layout_rooms, basic_altar

Skill      XL: |  1  2 |
---------------+-------+-----
Crossbows      | 2 |  2.0
Fighting       | |  1.0
Bows           | |  0.4
Throwing       | |  1.0
Armour         | |  1.5
Dodging        | |  0.8
Stealth        | |  1.3
Spellcasting   | |  3.1
Conjurations   | |  0.9
Air Magic      | |  1.2
Evocations     | |  0.2

Action                   || total
-------------------------++-------
 Fire: Hand crossbow     ||    28
Armor: Robe              ||     2
Dodge: Dodged            ||     3
